Heat vs Comets

Created - Monday, December 07, 2015 at 02:41

Goals
1 2 3 T
Heat 1 1 0 2
Comets 0 1 0 1
Shots
1 2 3 T
Heat 8 15 14 37
Comets 5 10 6 21

1st period

1. Heat , Tyson Strachan 2 (Max Reinhart, Ryan Murphy) at 5:59 (PP)

Penalties :
Sven Baertschi (UTI) for Roughing (Minor) at 0:47, Corbin McPherson (UTI) for Interference (Minor) at 5:26, Tyson Strachan (STO) for Hooking (Minor) at 7:46, Corbin McPherson (UTI) for Slashing (Minor) at 10:30, Ben Hanowski (UTI) for Fighting (Major) at 13:43, Bogdan Yakimov (STO) for Fighting (Major) at 13:43, Keith Ballard (UTI) for Slashing (Minor) at 16:20, Ben Hanowski (UTI) for Fighting (Major) at 19:02, Konrad Abeltshauser (STO) for Fighting (Major) at 19:02, Ben Hanowski (UTI) for instigated a fight (Minor) at 19:02, Ben Hanowski (UTI) for instigated a fight (10 Minutes Misconduct) at 19:02

2nd period

2. Comets , Mike Sislo 6 (Keith Ballard, Andrew Ference) at 4:06 (PP)
3. Heat , Eric Boulton 1 (Kevin Fiala) at 9:19

Penalties :
Eric Boulton (STO) for Interference (Minor) at 3:20, Brendan Gaunce (UTI) for Fighting (Major) at 5:31, Max Reinhart (STO) for Fighting (Major) at 5:31, Brendan Gaunce (UTI) for instigated a fight (Minor) at 5:31, Brendan Gaunce (UTI) for instigated a fight (10 Minutes Misconduct) at 5:31, Corbin McPherson (UTI) for Fighting (Major) at 13:10, Konrad Abeltshauser (STO) for Fighting (Major) at 13:10, Stephane Veilleux (STO) for Holding (Minor) at 15:27

3rd period

No Goal

Penalties :
Jared Boll (UTI) for Fighting (Major) at 1:46, Max Reinhart (STO) for Fighting (Major) at 1:46, John Scott (UTI) for Holding (Minor) at 2:00, Eric Boulton (STO) for High sticking (Minor) at 18:19

Goalie Stats

Michael Leighton (STO), 20 saves from 21 shots - (0.952), W, 20-1-2, 60:00 minutes
Mike Condon (UTI), 35 saves from 37 shots - (0.946), L, 14-10-4, 60:00 minutes

Players Stats for Heat

Player Name              G  A  P  +/- PIM S  H  SB GA TA FO     MP     PP MP  PK MP  
------------------------------------------------------------------------------------
Andre Burakovsky         0  0  0   0  0   2  2  0  7  0  0/0    17:56   6:25   0:00 
Bogdan Yakimov           0  0  0   1  5   0  0  0  0  0  6/7    11:15   0:00   3:10 
Brenden Kichton          0  0  0   1  0   0  0  1  0  0  0/0    19:56   6:02   1:37 
Chris Tierney            0  0  0   0  0   3  0  1  2  0  6/10   17:59   6:25   0:00 
Corey Potter             0  0  0   1  0   1  4  0  0  0  0/0    16:02   0:00   3:46 
Eric Boulton             1  0  1   1  4   3  3  0  2  1  1/1    10:47   0:00   2:04 
Johan Larsson            0  0  0   0  0   0  3  0  2  0  3/6    19:02   6:25   0:00 
Kevin Fiala              0  1  1   1  0   1  0  0  0  1  1/3    11:26   1:43   0:00 
Konrad Abeltshauser      0  0  0   0  10  1  0  0  0  1  0/0    14:30   0:00   2:14 
Lucas Lessio             0  0  0   0  0   2  1  0  0  1  0/0    10:40   0:00   0:20 
Matt Ellis               0  0  0   0  0   2  2  0  2  0  2/2    13:35   0:00   3:14 
Max Reinhart             0  1  1   0  10  2  1  0  1  1  10/11  13:47   4:16   0:50 
Ryan Murphy              0  1  1   0  0   6  1  2  1  0  0/0    24:28   6:24   2:38 
Seth Griffith            0  0  0   0  0   3  0  0  2  0  0/0    16:25   6:01   0:00 
Stephane Veilleux        0  0  0   0  2   5  2  1  3  0  0/0    16:33   6:01   0:00 
Tyler Pitlick            0  0  0   0  0   1  2  0  4  1  2/7    14:01   0:02   3:10 
Tyler Wotherspoon        0  0  0   0  0   0  2  1  0  1  0/0    23:15   6:02   2:38 
Tyson Strachan           1  0  1   0  2   5  0  1  1  3  0/0    21:50   6:24   0:00 

Players Stats for Comets

Player Name              G  A  P  +/- PIM S  H  SB GA TA FO     MP     PP MP  PK MP  
------------------------------------------------------------------------------------
Andrew Ference           0  1  1   0  0   3  1  0  2  5  0/0    27:37   3:41   8:05 
Ben Hanowski             0  0  0   0  22  1  0  2  0  0  0/2    12:56   1:18   2:01 
Brendan Gaunce           0  0  0   0  17  0  0  0  1  0  0/2    10:53   0:02   4:22 
Corbin McPherson         0  0  0   0  9   1  1  1  0  1  0/0    13:20   0:00   0:00 
Derek Meech              0  0  0  -1  0   1  1  1  2  0  0/1    18:56   0:00   6:09 
Dylan McIlrath           0  0  0   0  0   0  0  1  0  0  0/0    13:54   0:00   0:00 
Jared Boll               0  0  0   0  5   2  2  0  0  0  0/3    13:29   3:35   0:00 
Jeremy Welsh             0  0  0  -1  0   0  2  1  3  1  0/1    18:41   2:40   1:34 
John Scott               0  0  0   0  2   3  3  2  0  1  2/12   23:10   3:06   6:45 
Keith Ballard            0  1  1   0  2   2  1  0  0  2  0/0    21:07   3:41   6:07 
Landon Ferraro           0  0  0  -1  0   1  1  1  2  0  1/2    20:54   0:57   3:53 
Mark Pysyk               0  0  0  -1  0   0  1  1  0  4  0/0    19:37   2:43   4:21 
Mike Sislo               1  0  1   0  0   3  1  0  0  2  4/5    18:31   3:34   3:01 
Nicklas Jensen           0  0  0  -1  0   1  1  0  0  0  0/0    11:06   0:00   0:00 
Scott Glennie            0  0  0   0  0   0  0  0  0  0  3/6    11:05   0:29   0:00 
Sven Baertschi           0  0  0   0  2   2  1  0  1  0  5/9    18:47   2:21   0:00 
Tyler Kennedy            0  0  0   0  0   1  0  0  2  0  1/4     6:52   1:10   3:26 
Yann Sauve               0  0  0   0  0   0  0  0  0  1  0/0     6:24   2:43   0:00 

3 Stars

1 - Michael Leighton (STO)
2 - Mike Condon (UTI)
3 - Mike Sislo (UTI)

Power Play

Heat - 1 on 7 Attempt(s) - 14.29%
Comets - 1 on 4 Attempt(s) - 25.00%

Penalty Kill

Heat - 3 on 4 Attempt(s) - 75.00% - Score 0 goal in Penalty Kill
Comets - 6 on 7 Attempt(s) - 85.71% - Score 0 goal in Penalty Kill

Team Stat

Heat - Hits : 23 - Faceoff Wins : 31 - Blocked Shots : 7 - Penalty Minutes : 33
Comets - Hits : 16 - Faceoff Wins : 16 - Blocked Shots : 10 - Penalty Minutes : 59

Official

Referees : Unknown
Linesman : Unknown

Game Notes

Ben Hanowski and Bogdan Yakimov fight to a draw at 13:43 of 1st period
Tyler Kennedy is injured at 17:25 of 1st period (Sore Right Knee)
Ben Hanowski and Konrad Abeltshauser fight to a draw at 19:02 of 1st period
Brendan Gaunce beats up Max Reinhart at 5:31 of 2nd period
Konrad Abeltshauser beats up Corbin McPherson at 13:10 of 2nd period
Jared Boll and Max Reinhart fight to a draw at 1:46 of 3rd period

Finance

Level 1 -- Attendance: 1376 (68.80%) -- Ticket Income $48,160
Level 2 -- Attendance: 787 (78.70%) -- Ticket Income $11,805
Total Attendance: 2163 (72.10%)
Total Ticket Income: $59,965
Other Income: $29,383
Total Income: $89,348

Heat

5 vs 5 Forward 
   Center                   Left Wing                Right Wing               Time % Phy DF OF 
 1 Chris Tierney            Johan Larsson            Andre Burakovsky         32     1   2  2  
 2 Max Reinhart             Stephane Veilleux        Seth Griffith            28     1   2  2  
 3 Tyler Pitlick            Lucas Lessio             Matt Ellis               24     1   2  2  
 4 Bogdan Yakimov           Eric Boulton             Kevin Fiala              16     1   2  2  

5 vs 5 Defense 
   Defense                  Defense                                           Time % Phy DF OF 
 1 Tyson Strachan           Ryan Murphy                                       35     1   2  2  
 2 Tyler Wotherspoon        Konrad Abeltshauser                               30     1   2  2  
 3 Corey Potter             Brenden Kichton                                   22     1   2  2  
 4 Tyson Strachan           Ryan Murphy                                       13     1   2  2  

PowerPlay Forward 
   Center                   Left Wing                Right Wing               Time % Phy DF OF 
 1 Chris Tierney            Johan Larsson            Andre Burakovsky         50     0   0  5  
 2 Max Reinhart             Stephane Veilleux        Seth Griffith            50     0   0  5  

PowerPlay Defense
   Defense                  Defense                                           Time % Phy DF OF 
 1 Tyson Strachan           Ryan Murphy                                       50     0   0  5  
 2 Tyler Wotherspoon        Brenden Kichton                                   50     0   0  5  

Penalty Kill 4 Players Forward 
   Center                   Wing                     Time % Phy DF OF 
 1 Bogdan Yakimov           Tyler Pitlick            50     0   5  0  
 2 Matt Ellis               Eric Boulton             50     0   5  0  

Penalty Kill 4 Players Defense
   Defense                  Defense                  Time % Phy DF OF 
 1 Konrad Abeltshauser      Corey Potter             50     0   5  0  
 2 Tyler Wotherspoon        Ryan Murphy              50     0   5  0  

Penalty Kill - 3 Players Forward 
   Forward                                           Time % Phy DF OF 
 1 Bogdan Yakimov                                    50     0   5  0  
 2 Matt Ellis                                        50     0   5  0  

Penalty Kill - 3 Players Defense
   Defense                  Defense                  Time % Phy DF OF 
 1 Tyler Wotherspoon        Tyson Strachan           50     0   5  0  
 2 Konrad Abeltshauser      Corey Potter             50     0   5  0  

4 vs 4 Forward 
   Center                   Wing                     Time % Phy DF OF 
 1 Max Reinhart             Johan Larsson            50     1   2  2  
 2 Chris Tierney            Lucas Lessio             50     1   2  2  

4 vs 4 Defense
   Defense                  Defense                  Time % Phy DF OF 
 1 Tyson Strachan           Ryan Murphy              50     1   2  2  
 2 Konrad Abeltshauser      Brenden Kichton          50     1   2  2  

Last Minutes Offensive
   Center                   Left Wing                Right Wing               Defense                  Defense                  
   Chris Tierney            Johan Larsson            Andre Burakovsky         Tyler Wotherspoon        Ryan Murphy              

Last Minutes Defensive
   Center                   Left Wing                Right Wing               Defense                  Defense                  
   Matt Ellis               Stephane Veilleux        Tyler Pitlick            Konrad Abeltshauser      Tyson Strachan           

Goaltenders
Starting : Michael Leighton         
Backup : Andrei Vasilevskiy       

Extra Forwards
Normal : Johan Larsson, Chris Tierney, Kevin Fiala - PP : Kevin Fiala, Chris Tierney - PK : Max Reinhart
Extra Defensemen
Normal : Corey Potter, Brenden Kichton, Tyler Wotherspoon - PP : Corey Potter - PK : Brenden Kichton, Tyler Wotherspoon
Penalty Shots
Kevin Fiala, Lucas Lessio, Max Reinhart, Bogdan Yakimov, Andre Burakovsky

Comets

5 vs 5 Forward 
   Center                   Left Wing                Right Wing               Time % Phy DF OF 
 1 Tyler Kennedy            John Scott               Mike Sislo               35     1   2  2  
 2 Sven Baertschi           Jared Boll               Jeremy Welsh             30     1   2  2  
 3 Ben Hanowski             Landon Ferraro           Nicklas Jensen           22     1   2  2  
 4 Scott Glennie            Brendan Gaunce           John Scott               13     1   2  2  

5 vs 5 Defense 
   Defense                  Defense                                           Time % Phy DF OF 
 1 Andrew Ference           Keith Ballard                                     35     1   2  2  
 2 Mark Pysyk               Derek Meech                                       30     1   2  2  
 3 Corbin McPherson         Dylan McIlrath                                    22     1   2  2  
 4 Yann Sauve               Andrew Ference                                    13     1   2  2  

PowerPlay Forward 
   Center                   Left Wing                Right Wing               Time % Phy DF OF 
 1 John Scott               Tyler Kennedy            Mike Sislo               60     1   2  2  
 2 Jared Boll               Sven Baertschi           Jeremy Welsh             40     1   2  2  

PowerPlay Defense
   Defense                  Defense                                           Time % Phy DF OF 
 1 Andrew Ference           Keith Ballard                                     60     1   2  2  
 2 Mark Pysyk               Yann Sauve                                        40     1   2  2  

Penalty Kill 4 Players Forward 
   Center                   Wing                     Time % Phy DF OF 
 1 John Scott               Tyler Kennedy            60     1   2  2  
 2 Mike Sislo               Landon Ferraro           40     1   2  2  

Penalty Kill 4 Players Defense
   Defense                  Defense                  Time % Phy DF OF 
 1 Andrew Ference           Keith Ballard            60     1   2  2  
 2 Derek Meech              Mark Pysyk               40     1   2  2  

Penalty Kill - 3 Players Forward 
   Forward                                           Time % Phy DF OF 
 1 Tyler Kennedy                                     60     1   2  2  
 2 Scott Glennie                                     40     1   2  2  

Penalty Kill - 3 Players Defense
   Defense                  Defense                  Time % Phy DF OF 
 1 Andrew Ference           John Scott               60     1   2  2  
 2 Dylan McIlrath           Keith Ballard            40     1   2  2  

4 vs 4 Forward 
   Center                   Wing                     Time % Phy DF OF 
 1 John Scott               Mike Sislo               60     1   2  2  
 2 Ben Hanowski             Nicklas Jensen           40     1   2  2  

4 vs 4 Defense
   Defense                  Defense                  Time % Phy DF OF 
 1 Keith Ballard            Andrew Ference           60     1   2  2  
 2 Corbin McPherson         Derek Meech              40     1   2  2  

Last Minutes Offensive
   Center                   Left Wing                Right Wing               Defense                  Defense                  
   Tyler Kennedy            John Scott               Mike Sislo               Andrew Ference           Keith Ballard            

Last Minutes Defensive
   Center                   Left Wing                Right Wing               Defense                  Defense                  
   Tyler Kennedy            John Scott               Mike Sislo               Andrew Ference           Keith Ballard            

Goaltenders
Starting : Mike Condon              
Backup : Scott Wedgewood          

Extra Forwards
Normal : Tyler Kennedy, Mike Sislo, Sven Baertschi - PP : Jared Boll, Jeremy Welsh - PK : Brendan Gaunce
Extra Defensemen
Normal : John Scott, Corbin McPherson, Dylan McIlrath - PP : Yann Sauve - PK : Keith Ballard, Andrew Ference
Penalty Shots
Tyler Kennedy, Mike Sislo, Sven Baertschi, Jared Boll, Jeremy Welsh

% Time on Ice - Heat

Lines # - Real PCT - Wanted PCT - Time Play
Normal Forward
1 - 28% - 32% - 11:40
2 - 25% - 28% - 10:25
3 - 25% - 24% - 10:20
4 - 21% - 16% - 8:44
Normal Defense
1 - 35% - 35% - 14:24
2 - 35% - 30% - 14:35
3 - 25% - 22% - 10:19
4 - 4% - 13% - 1:51
PP Forward
1 - 52% - 50% - 6:26
2 - 48% - 50% - 6:01
PP Defense
1 - 51% - 50% - 6:24
2 - 49% - 50% - 6:03
PK Forward
1 - 49% - 50% - 3:10
2 - 51% - 50% - 3:14
PK Defense
1 - 59% - 50% - 3:46
2 - 41% - 50% - 2:38
PK3 Forward
1 - 0% - 50%
2 - 0% - 50%
PK3 Defense
1 - 0% - 50%
2 - 0% - 50%
44 Forward
1 - 0% - 50%
2 - 0% - 50%
44 Defense
1 - 0% - 50%
2 - 0% - 50%
Last Minute Offensive  - 0:00
Last Minute Defensive  - 0:00
Total
Forward - 60:00
Defense - 60:00

% Time on Ice - Comets

Lines # - Real PCT - Wanted PCT - Time Play
Normal Forward
1 - 28% - 35% - 11:27
2 - 29% - 30% - 11:58
3 - 26% - 22% - 10:44
4 - 17% - 13% - 7:00
Normal Defense
1 - 27% - 35% - 11:16
2 - 30% - 30% - 12:33
3 - 34% - 22% - 13:54
4 - 8% - 13% - 3:26
PP Forward
1 - 63% - 60% - 4:03
2 - 37% - 40% - 2:21
PP Defense
1 - 58% - 60% - 3:41
2 - 42% - 40% - 2:43
PK Forward
1 - 76% - 60% - 9:26
2 - 24% - 40% - 3:01
PK Defense
1 - 65% - 60% - 8:06
2 - 35% - 40% - 4:21
PK3 Forward
1 - 0% - 60%
2 - 0% - 40%
PK3 Defense
1 - 0% - 60%
2 - 0% - 40%
44 Forward
1 - 0% - 60%
2 - 0% - 40%
44 Defense
1 - 0% - 60%
2 - 0% - 40%
Last Minute Offensive  - 0:00
Last Minute Defensive  - 0:00
Total
Forward - 60:00
Defense - 60:00

Play by Play

1st period


0:01 of 1st period - Chris Tierney wins face-off versus Tyler Kennedy in neutral zone.
0:22 of 1st period - Snap shot by Tyler Kennedy.
0:22 of 1st period - Shot Misses the Net.
0:24 of 1st period - Slapshot by Andrew Ference.
0:24 of 1st period - Shot Misses the Net.
0:26 of 1st period - Slapshot by Andrew Ference.
0:26 of 1st period - Deflect By Tyler Kennedy.
0:26 of 1st period - Stopped by Michael Leighton with a rebound.
0:28 of 1st period - Wrist shot by John Scott.
0:28 of 1st period - Deflect By Mike Sislo.
0:28 of 1st period - Shot Blocked by Ryan Murphy.
0:28 of 1st period - Puck is out of play.
0:29 of 1st period - Max Reinhart wins face-off versus Sven Baertschi in Heat zone.
0:29 of 1st period - Max Reinhart is hit by Jared Boll.
0:47 of 1st period - Minor Penalty to Sven Baertschi for Roughing.
0:48 of 1st period - Chris Tierney wins face-off versus John Scott in Comets zone.
1:03 of 1st period - Tyler Kennedy is hit by Johan Larsson and loses puck.
1:18 of 1st period - Snap shot by John Scott.
1:18 of 1st period - Stopped by Michael Leighton with a rebound.
1:20 of 1st period - Snap shot by Andrew Ference.
1:20 of 1st period - Shot Misses the Net.
1:34 of 1st period - Tyson Strachan is hit by Mike Sislo and loses puck.
2:05 of 1st period - Derek Meech is hit by Stephane Veilleux and loses puck.
2:47 of 1st period - Penalty to Sven Baertschi is over, Sven Baertschi is back on ice.
2:49 of 1st period - John Scott is hit by Tyler Wotherspoon and loses puck.
3:08 of 1st period - Derek Meech is hit by Tyler Pitlick and loses puck.
3:13 of 1st period - Snap shot by Tyler Pitlick.
3:13 of 1st period - Shot Blocked by John Scott.
4:13 of 1st period - Snap shot by Eric Boulton.
4:13 of 1st period - Stopped by Mike Condon with a rebound.
4:31 of 1st period - Icing by Nicklas Jensen.
4:32 of 1st period - Chris Tierney wins face-off versus Sven Baertschi in Comets zone.
4:35 of 1st period - Wrist shot by Chris Tierney.
4:35 of 1st period - Shot Misses the Net.
5:16 of 1st period - Wrist shot by Lucas Lessio.
5:16 of 1st period - Shot Blocked by Dylan McIlrath.
5:26 of 1st period - Minor Penalty to Corbin McPherson for Interference.
5:27 of 1st period - Max Reinhart wins face-off versus John Scott in Comets zone.
5:36 of 1st period - Tyson Strachan is hit by Keith Ballard and loses puck.
5:49 of 1st period - Slapshot by Ryan Murphy.
5:49 of 1st period - Stopped by Mike Condon with a rebound.
5:51 of 1st period - Wrist shot by Tyson Strachan.
5:51 of 1st period - Stopped by Mike Condon with a rebound.
5:53 of 1st period - Slapshot by Tyson Strachan.
5:53 of 1st period - Stopped by Mike Condon with a rebound.
5:55 of 1st period - Backhand shot by Tyson Strachan.
5:55 of 1st period - Shot Hit the Post.
5:57 of 1st period - Wrist shot by Max Reinhart.
5:57 of 1st period - Stopped by Mike Condon with a rebound.
5:59 of 1st period - Slapshot by Tyson Strachan.
5:59 of 1st period - Goal by Tyson Strachan - Heat : 1 - Comets : 0.
6:00 of 1st period - Johan Larsson wins face-off versus Ben Hanowski in neutral zone.
6:21 of 1st period - Slapshot by Keith Ballard.
6:21 of 1st period - Shot Misses the Net.
6:23 of 1st period - Wrist shot by Andrew Ference.
6:23 of 1st period - Shot Misses the Net.
6:57 of 1st period - Snap shot by Jared Boll.
6:57 of 1st period - Stopped by Michael Leighton with a rebound.
7:07 of 1st period - Jeremy Welsh is hit by Corey Potter and loses puck.
7:36 of 1st period - Scott Glennie is hit by Tyler Pitlick and loses puck.
7:46 of 1st period - Minor Penalty to Tyson Strachan for Hooking.
7:47 of 1st period - Bogdan Yakimov wins face-off versus John Scott in Heat zone.
8:06 of 1st period - Snap shot by Tyler Kennedy.
8:06 of 1st period - Shot Blocked by Tyler Wotherspoon.
8:20 of 1st period - Tyler Kennedy is hit by Eric Boulton and loses puck.
8:45 of 1st period - Wrist shot by Sven Baertschi.
8:45 of 1st period - Deflect By Jared Boll.
8:45 of 1st period - Shot Misses the Net.
8:45 of 1st period - Puck is out of play.
8:46 of 1st period - Bogdan Yakimov wins face-off versus Jared Boll in Heat zone.
9:23 of 1st period - Eric Boulton is hit by Jared Boll and loses puck.
9:43 of 1st period - Wrist shot by Mike Sislo.
9:43 of 1st period - Shot Misses the Net.
9:46 of 1st period - Penalty to Tyson Strachan is over, Tyson Strachan is back on ice.
10:30 of 1st period - Minor Penalty to Corbin McPherson for Slashing.
10:31 of 1st period - Max Reinhart wins face-off versus Tyler Kennedy in Comets zone.
10:38 of 1st period - Slapshot by Seth Griffith.
10:38 of 1st period - Shot Misses the Net.
11:55 of 1st period - Slapshot by Ryan Murphy.
11:55 of 1st period - Shot Blocked by Ben Hanowski.
12:30 of 1st period - Penalty to Corbin McPherson is over, Corbin McPherson is back on ice.
13:03 of 1st period - Keith Ballard is hit by Tyler Wotherspoon and loses puck.
13:20 of 1st period - Matt Ellis is hit by Jeremy Welsh and loses puck.
13:29 of 1st period - Jared Boll is hit by Corey Potter and loses puck.
13:43 of 1st period - Ben Hanowski and Bogdan Yakimov fight to a draw.
13:43 of 1st period - Penalty to Ben Hanowski for Fighting.
13:43 of 1st period - Penalty to Bogdan Yakimov for Fighting.
13:44 of 1st period - Johan Larsson wins face-off versus Tyler Kennedy in Heat zone.
13:49 of 1st period - Slapshot by Ryan Murphy.
13:49 of 1st period - Stopped by Mike Condon without a rebound.
13:50 of 1st period - Tyler Kennedy wins face-off versus Johan Larsson in Comets zone.
15:01 of 1st period - Derek Meech is hit by Lucas Lessio and loses puck.
15:26 of 1st period - Snap shot by Stephane Veilleux.
15:26 of 1st period - Shot Blocked by Derek Meech.
15:28 of 1st period - Snap shot by Stephane Veilleux.
15:28 of 1st period - Shot Misses the Net.
15:30 of 1st period - Wrist shot by Stephane Veilleux.
15:30 of 1st period - Shot Blocked by Mark Pysyk.
16:17 of 1st period - Snap shot by Andre Burakovsky.
16:17 of 1st period - Stopped by Mike Condon without a rebound.
16:18 of 1st period - Mike Sislo wins face-off versus Chris Tierney in Comets zone.
16:20 of 1st period - Minor Penalty to Keith Ballard for Slashing.
16:21 of 1st period - Max Reinhart wins face-off versus John Scott in Comets zone.
17:24 of 1st period - Tyler Kennedy is hit by Johan Larsson and loses puck.
17:25 of 1st period - Tyler Kennedy from Comets is injured at 17:25 of 1st period (Sore Right Knee).
17:26 of 1st period - Chris Tierney wins face-off versus John Scott in Comets zone.
18:20 of 1st period - Penalty to Keith Ballard is over, Keith Ballard is back on ice.
18:30 of 1st period - Wrist shot by Sven Baertschi.
18:30 of 1st period - Shot Blocked by Stephane Veilleux.
18:32 of 1st period - Slapshot by Jared Boll.
18:32 of 1st period - Shot Misses the Net.
18:49 of 1st period - Slapshot by Andrew Ference.
18:49 of 1st period - Stopped by Michael Leighton with a rebound.
18:51 of 1st period - Slapshot by Andrew Ference.
18:51 of 1st period - Shot Blocked by Ryan Murphy.
18:53 of 1st period - Snap shot by Keith Ballard.
18:53 of 1st period - Stopped by Michael Leighton without a rebound.
18:54 of 1st period - Tyler Pitlick wins face-off versus Ben Hanowski in Heat zone.
19:02 of 1st period - Ben Hanowski and Konrad Abeltshauser fight to a draw.
19:02 of 1st period - Penalty to Ben Hanowski for Fighting.
19:02 of 1st period - Penalty to Konrad Abeltshauser for Fighting.
19:02 of 1st period - Penalty to Ben Hanowski for instigated a fight.
19:02 of 1st period - Penalty to Ben Hanowski for instigated a fight.
19:03 of 1st period - Johan Larsson wins face-off versus John Scott in Comets zone.
19:54 of 1st period - Keith Ballard is hit by Max Reinhart and loses puck.
Goals for this period are 1 for Heat vs 0 for Comets.
Shots for this period are 8 for Heat vs 5 for Comets.

2nd period


0:01 of 2nd period - Max Reinhart wins face-off versus John Scott in neutral zone.
0:18 of 2nd period - Slapshot by John Scott.
0:18 of 2nd period - Stopped by Michael Leighton with a rebound.
1:02 of 2nd period - Penalty to Ben Hanowski is over, Scott Glennie is send on ice.
1:48 of 2nd period - Snap shot by Lucas Lessio.
1:48 of 2nd period - Stopped by Mike Condon without a rebound.
1:49 of 2nd period - Mike Sislo wins face-off versus Bogdan Yakimov in Comets zone.
1:49 of 2nd period - Mike Sislo is hit by Eric Boulton.
1:59 of 2nd period - Wrist shot by Nicklas Jensen.
1:59 of 2nd period - Stopped by Michael Leighton with a rebound.
2:01 of 2nd period - Slapshot by Corbin McPherson.
2:01 of 2nd period - Stopped by Michael Leighton with a rebound.
2:03 of 2nd period - Wrist shot by Mike Sislo.
2:03 of 2nd period - Stopped by Michael Leighton without a rebound.
2:04 of 2nd period - Bogdan Yakimov wins face-off versus Mike Sislo in Heat zone.
2:17 of 2nd period - Tyson Strachan is hit by Corbin McPherson and loses puck.
2:34 of 2nd period - Snap shot by Nicklas Jensen.
2:34 of 2nd period - Shot Misses the Net.
3:20 of 2nd period - Minor Penalty to Eric Boulton for Interference.
3:21 of 2nd period - Bogdan Yakimov wins face-off versus John Scott in Heat zone.
3:21 of 2nd period - Bogdan Yakimov is hit by Andrew Ference.
3:31 of 2nd period - Bogdan Yakimov is hit by John Scott and loses puck.
4:00 of 2nd period - Wrist shot by Mike Sislo.
4:00 of 2nd period - Shot Blocked by Brenden Kichton.
4:02 of 2nd period - Penalty to Konrad Abeltshauser is over, Konrad Abeltshauser is back on ice.
4:02 of 2nd period - Snap shot by Mike Sislo.
4:02 of 2nd period - Stopped by Michael Leighton with a rebound.
4:04 of 2nd period - Slapshot by Andrew Ference.
4:04 of 2nd period - Deflect By Tyler Pitlick.
4:04 of 2nd period - Stopped by Michael Leighton with a rebound.
4:06 of 2nd period - Slapshot by Keith Ballard.
4:06 of 2nd period - Deflect By Mike Sislo.
4:06 of 2nd period - Goal by Mike Sislo - Heat : 1 - Comets : 1.
4:07 of 2nd period - Sven Baertschi wins face-off versus Chris Tierney in neutral zone.
4:41 of 2nd period - Snap shot by Andre Burakovsky.
4:41 of 2nd period - Stopped by Mike Condon with a rebound.
4:43 of 2nd period - Snap shot by Chris Tierney.
4:43 of 2nd period - Stopped by Mike Condon with a rebound.
4:57 of 2nd period - Mark Pysyk is hit by Stephane Veilleux and loses puck.
5:31 of 2nd period - Brendan Gaunce beats up Max Reinhart.
5:31 of 2nd period - Penalty to Brendan Gaunce for Fighting.
5:31 of 2nd period - Penalty to Max Reinhart for Fighting.
5:31 of 2nd period - Penalty to Brendan Gaunce for instigated a fight.
5:31 of 2nd period - Penalty to Brendan Gaunce for instigated a fight.
5:32 of 2nd period - John Scott wins face-off versus Chris Tierney in Heat zone.
5:39 of 2nd period - Snap shot by Jeremy Welsh.
5:39 of 2nd period - Shot Blocked by Tyson Strachan.
6:06 of 2nd period - Slapshot by Ryan Murphy.
6:06 of 2nd period - Stopped by Mike Condon with a rebound.
6:08 of 2nd period - Slapshot by Tyson Strachan.
6:08 of 2nd period - Stopped by Mike Condon without a rebound.
6:09 of 2nd period - John Scott wins face-off versus Kevin Fiala in Comets zone.
6:59 of 2nd period - Brenden Kichton is hit by Derek Meech and loses puck.
7:06 of 2nd period - Wrist shot by Landon Ferraro.
7:06 of 2nd period - Shot Misses the Net.
7:08 of 2nd period - Slapshot by Andrew Ference.
7:08 of 2nd period - Deflect By Mike Sislo.
7:08 of 2nd period - Shot Blocked by Chris Tierney.
7:08 of 2nd period - Puck is out of play.
7:09 of 2nd period - Mike Sislo wins face-off versus Johan Larsson in Heat zone.
7:31 of 2nd period - Penalty to Brendan Gaunce is over, Scott Glennie is send on ice.
7:34 of 2nd period - Wrist shot by Landon Ferraro.
7:34 of 2nd period - Stopped by Michael Leighton with a rebound.
8:02 of 2nd period - Snap shot by Lucas Lessio.
8:02 of 2nd period - Stopped by Mike Condon with a rebound.
8:26 of 2nd period - Snap shot by Sven Baertschi.
8:26 of 2nd period - Stopped by Michael Leighton with a rebound.
8:32 of 2nd period - Wrist shot by Jared Boll.
8:32 of 2nd period - Shot Misses the Net.
9:11 of 2nd period - Wrist shot by Stephane Veilleux.
9:11 of 2nd period - Stopped by Mike Condon without a rebound.
9:12 of 2nd period - Eric Boulton wins face-off versus Jeremy Welsh in Comets zone.
9:19 of 2nd period - Wrist shot by Eric Boulton.
9:19 of 2nd period - Goal by Eric Boulton - Heat : 2 - Comets : 1.
9:20 of 2nd period - Chris Tierney wins face-off versus Sven Baertschi in neutral zone.
9:44 of 2nd period - Keith Ballard is hit by Johan Larsson and loses puck.
10:11 of 2nd period - Wrist shot by Seth Griffith.
10:11 of 2nd period - Shot Misses the Net.
10:13 of 2nd period - Snap shot by Stephane Veilleux.
10:13 of 2nd period - Stopped by Mike Condon with a rebound.
10:21 of 2nd period - Snap shot by Stephane Veilleux.
10:21 of 2nd period - Shot Misses the Net.
10:23 of 2nd period - Wrist shot by Seth Griffith.
10:23 of 2nd period - Deflect By Stephane Veilleux.
10:23 of 2nd period - Stopped by Mike Condon without a rebound.
10:24 of 2nd period - Scott Glennie wins face-off versus Tyler Pitlick in Comets zone.
11:43 of 2nd period - Slapshot by Andrew Ference.
11:43 of 2nd period - Shot Misses the Net.
11:49 of 2nd period - Snap shot by Jeremy Welsh.
11:49 of 2nd period - Shot Misses the Net.
12:40 of 2nd period - Slapshot by Johan Larsson.
12:40 of 2nd period - Shot Blocked by Corbin McPherson.
12:42 of 2nd period - Snap shot by Chris Tierney.
12:42 of 2nd period - Stopped by Mike Condon with a rebound.
13:06 of 2nd period - Snap shot by Kevin Fiala.
13:06 of 2nd period - Stopped by Mike Condon with a rebound.
13:08 of 2nd period - Slapshot by Konrad Abeltshauser.
13:08 of 2nd period - Deflect By Landon Ferraro.
13:08 of 2nd period - Stopped by Mike Condon with a rebound.
13:10 of 2nd period - Wrist shot by Eric Boulton.
13:10 of 2nd period - Stopped by Mike Condon without a rebound.
13:10 of 2nd period - Konrad Abeltshauser beats up Corbin McPherson.
13:10 of 2nd period - Penalty to Corbin McPherson for Fighting.
13:10 of 2nd period - Penalty to Konrad Abeltshauser for Fighting.
13:11 of 2nd period - Tyler Pitlick wins face-off versus Derek Meech in Comets zone.
13:48 of 2nd period - Keith Ballard is hit by Corey Potter and loses puck.
14:01 of 2nd period - Tyson Strachan is hit by John Scott and loses puck.
14:02 of 2nd period - 10 Minutes Misconduct Penalty to Ben Hanowski is over.
15:24 of 2nd period - Snap shot by Andrew Ference.
15:24 of 2nd period - Deflect By Ben Hanowski.
15:24 of 2nd period - Stopped by Michael Leighton without a rebound.
15:25 of 2nd period - Max Reinhart wins face-off versus Scott Glennie in Heat zone.
15:27 of 2nd period - Minor Penalty to Stephane Veilleux for Holding.
15:28 of 2nd period - Matt Ellis wins face-off versus Jared Boll in Heat zone.
15:57 of 2nd period - Icing by John Scott.
15:58 of 2nd period - Bogdan Yakimov wins face-off versus John Scott in Comets zone.
16:15 of 2nd period - Snap shot by Tyler Pitlick.
16:15 of 2nd period - Shot Misses the Net.
16:17 of 2nd period - Slapshot by Ryan Murphy.
16:17 of 2nd period - Deflect By Tyler Pitlick.
16:17 of 2nd period - Stopped by Mike Condon with a rebound.
16:19 of 2nd period - Slapshot by Ryan Murphy.
16:19 of 2nd period - Shot Misses the Net.
16:47 of 2nd period - Andrew Ference is hit by Eric Boulton and loses puck.
17:27 of 2nd period - Penalty to Stephane Veilleux is over, Stephane Veilleux is back on ice.
17:50 of 2nd period - Nicklas Jensen is hit by Corey Potter and loses puck.
18:09 of 2nd period - John Scott is hit by Andre Burakovsky and loses puck.
Goals for this period are 1 for Heat vs 1 for Comets.
Shots for this period are 15 for Heat vs 10 for Comets.

3rd period


0:01 of 3rd period - Sven Baertschi wins face-off versus Chris Tierney in neutral zone.
0:19 of 3rd period - Icing by Andre Burakovsky.
0:20 of 3rd period - Chris Tierney wins face-off versus John Scott in Heat zone.
0:31 of 3rd period - 10 Minutes Misconduct Penalty to Brendan Gaunce is over.
0:45 of 3rd period - Slapshot by Mike Sislo.
0:45 of 3rd period - Deflect By John Scott.
0:45 of 3rd period - Stopped by Michael Leighton with a rebound.
1:05 of 3rd period - Andre Burakovsky is hit by Landon Ferraro and loses puck.
1:22 of 3rd period - Konrad Abeltshauser is hit by Nicklas Jensen and loses puck.
1:37 of 3rd period - Snap shot by Sven Baertschi.
1:37 of 3rd period - Stopped by Michael Leighton without a rebound.
1:38 of 3rd period - Sven Baertschi wins face-off versus Max Reinhart in Heat zone.
1:46 of 3rd period - Jared Boll and Max Reinhart fight to a draw.
1:46 of 3rd period - Penalty to Jared Boll for Fighting.
1:46 of 3rd period - Penalty to Max Reinhart for Fighting.
1:47 of 3rd period - Mike Sislo wins face-off versus Kevin Fiala in Comets zone.
1:56 of 3rd period - Wrist shot by Stephane Veilleux.
1:56 of 3rd period - Stopped by Mike Condon without a rebound.
1:57 of 3rd period - Sven Baertschi wins face-off versus Tyler Pitlick in Comets zone.
1:57 of 3rd period - Sven Baertschi is hit by Matt Ellis.
2:00 of 3rd period - Minor Penalty to John Scott for Holding.
2:01 of 3rd period - Kevin Fiala wins face-off versus Brendan Gaunce in Comets zone.
3:54 of 3rd period - Chris Tierney is hit by Mark Pysyk.
4:00 of 3rd period - Penalty to John Scott is over, John Scott is back on ice.
4:31 of 3rd period - Matt Ellis is hit by Sven Baertschi and loses puck.
5:00 of 3rd period - Jeremy Welsh is hit by Ryan Murphy and loses puck.
5:08 of 3rd period - Icing by Mark Pysyk.
5:09 of 3rd period - Bogdan Yakimov wins face-off versus Sven Baertschi in Comets zone.
6:58 of 3rd period - Wrist shot by Tyson Strachan.
6:58 of 3rd period - Deflect By Ben Hanowski.
6:58 of 3rd period - Stopped by Mike Condon with a rebound.
7:22 of 3rd period - Slapshot by Seth Griffith.
7:22 of 3rd period - Shot Hit the Post.
7:28 of 3rd period - Snap shot by Seth Griffith.
7:28 of 3rd period - Stopped by Mike Condon with a rebound.
7:30 of 3rd period - Slapshot by Seth Griffith.
7:30 of 3rd period - Deflect By Stephane Veilleux.
7:30 of 3rd period - Shot Blocked by Jeremy Welsh.
7:30 of 3rd period - Puck is out of play.
7:31 of 3rd period - Max Reinhart wins face-off versus Scott Glennie in Comets zone.
8:57 of 3rd period - Slapshot by Andrew Ference.
8:57 of 3rd period - Stopped by Michael Leighton with a rebound.
8:59 of 3rd period - Wrist shot by Derek Meech.
8:59 of 3rd period - Deflect By Eric Boulton.
8:59 of 3rd period - Stopped by Michael Leighton with a rebound.
9:01 of 3rd period - Slapshot by Derek Meech.
9:01 of 3rd period - Shot Misses the Net.
9:21 of 3rd period - Konrad Abeltshauser is hit by John Scott and loses puck.
9:46 of 3rd period - Bogdan Yakimov is hit by Jeremy Welsh and loses puck.
10:13 of 3rd period - Snap shot by Seth Griffith.
10:13 of 3rd period - Shot Misses the Net.
10:15 of 3rd period - Slapshot by Ryan Murphy.
10:15 of 3rd period - Deflect By Mark Pysyk.
10:15 of 3rd period - Stopped by Mike Condon with a rebound.
10:25 of 3rd period - Snap shot by Ryan Murphy.
10:25 of 3rd period - Stopped by Mike Condon with a rebound.
10:27 of 3rd period - Slapshot by Ryan Murphy.
10:27 of 3rd period - Stopped by Mike Condon with a rebound.
10:29 of 3rd period - Slapshot by Tyson Strachan.
10:29 of 3rd period - Shot Misses the Net.
10:43 of 3rd period - Snap shot by Tyler Pitlick.
10:43 of 3rd period - Shot Blocked by Ben Hanowski.
10:45 of 3rd period - Slapshot by Tyler Pitlick.
10:45 of 3rd period - Shot Misses the Net.
10:47 of 3rd period - Snap shot by Matt Ellis.
10:47 of 3rd period - Stopped by Mike Condon without a rebound.
10:48 of 3rd period - Landon Ferraro wins face-off versus Tyler Pitlick in Comets zone.
11:13 of 3rd period - Snap shot by Matt Ellis.
11:13 of 3rd period - Stopped by Mike Condon with a rebound.
12:38 of 3rd period - Backhand shot by Jared Boll.
12:38 of 3rd period - Stopped by Michael Leighton without a rebound.
12:39 of 3rd period - Scott Glennie wins face-off versus Tyler Pitlick in Heat zone.
13:35 of 3rd period - Off-side.
13:36 of 3rd period - Max Reinhart wins face-off versus Scott Glennie in neutral zone.
13:47 of 3rd period - Wrist shot by Stephane Veilleux.
13:47 of 3rd period - Stopped by Mike Condon with a rebound.
13:49 of 3rd period - Slapshot by Brenden Kichton.
13:49 of 3rd period - Deflect By Seth Griffith.
13:49 of 3rd period - Shot Blocked by John Scott.
13:49 of 3rd period - Puck is out of play.
13:50 of 3rd period - Max Reinhart wins face-off versus Brendan Gaunce in Comets zone.
14:01 of 3rd period - Slapshot by Seth Griffith.
14:01 of 3rd period - Stopped by Mike Condon without a rebound.
14:02 of 3rd period - Sven Baertschi wins face-off versus Johan Larsson in Comets zone.
14:11 of 3rd period - Jared Boll is hit by Andre Burakovsky.
15:11 of 3rd period - Snap shot by Eric Boulton.
15:11 of 3rd period - Shot Misses the Net.
15:15 of 3rd period - Wrist shot by Eric Boulton.
15:15 of 3rd period - Shot Blocked by Landon Ferraro.
15:17 of 3rd period - Slapshot by Corey Potter.
15:17 of 3rd period - Stopped by Mike Condon without a rebound.
15:18 of 3rd period - Max Reinhart wins face-off versus Landon Ferraro in Comets zone.
15:45 of 3rd period - Wrist shot by Seth Griffith.
15:45 of 3rd period - Stopped by Mike Condon with a rebound.
16:07 of 3rd period - Slapshot by Keith Ballard.
16:07 of 3rd period - Stopped by Michael Leighton with a rebound.
16:09 of 3rd period - Wrist shot by Corbin McPherson.
16:09 of 3rd period - Deflect By Ben Hanowski.
16:09 of 3rd period - Shot Misses the Net.
16:09 of 3rd period - Puck is out of play.
16:10 of 3rd period - Scott Glennie wins face-off versus Tyler Pitlick in Heat zone.
17:21 of 3rd period - Slapshot by Chris Tierney.
17:21 of 3rd period - Stopped by Mike Condon with a rebound.
17:23 of 3rd period - Slapshot by Brenden Kichton.
17:23 of 3rd period - Shot Misses the Net.
17:47 of 3rd period - Wrist shot by Eric Boulton.
17:47 of 3rd period - Shot Misses the Net.
18:15 of 3rd period - Slapshot by Mike Sislo.
18:15 of 3rd period - Shot Misses the Net.
18:17 of 3rd period - Wrist shot by John Scott.
18:17 of 3rd period - Shot Misses the Net.
18:19 of 3rd period - Minor Penalty to Eric Boulton for High sticking.
18:20 of 3rd period - Matt Ellis wins face-off versus Jared Boll in Heat zone.
19:20 of 3rd period - Snap shot by Matt Ellis.
19:20 of 3rd period - Deflect By Max Reinhart.
19:20 of 3rd period - Stopped by Mike Condon with a rebound.
19:51 of 3rd period - Yann Sauve is hit by Matt Ellis and loses puck.
Goals for this period are 0 for Heat vs 0 for Comets.
Shots for this period are 14 for Heat vs 6 for Comets.